 Dungeon Crawl Stone Soup version 0.30.0 (webtiles) character file.

Game seed: 6196916299204104343

114 dialectric the Trooper (level 4, -2/32 HPs)
             Began as a Gargoyle Wanderer on May 6, 2023.
             Slain by Ijyb
             ... wielding a +0 club
              (4 damage)
             ... on level 3 of the Dungeon.
             The game lasted 00:02:00 (1581 turns).

dialectric the Trooper (Gargoyle Wanderer)          Turns: 1581, Time: 00:02:01

Health: -2/32      AC:  9    Str: 16 (18) XL:     4   Next: 97%
Magic:  4/4        EV:  8    Int: 12 (13) God:
Gold:   69         SH:  0    Dex:  7 (10) Spells: 3/3 levels left

rFire   + . .        a - +3 short sword
rCold   + . .        (no shield)
rNeg    + . .        d - +0 leather armour
rPois   ∞            (no helmet)
rElec   +            b - +0 cloak
rCorr   +            (no gloves)
SInv    .            e - +0 pair of boots
Will    .....        (no amulet)
Stlth   +            (no ring)
HPRegen 0.25/turn    (no ring)
MPRegen 0.09/turn

%: no passive effects
@: resistant, grasped by roots, constricted
A: sickness immunity, AC +3, negative energy resistance 1, electricity
resistance, torment resistance 1, petrification resistance, clever 1, sense
surroundings 1, subdued magic 1
a: no special abilities


You were on level 3 of the Dungeon.
You visited 1 branch of the dungeon, and saw 3 of its levels.

You collected 69 gold pieces.

Inventory:

Hand Weapons
 a - a +3 short sword (weapon)
Armour
 b - a +0 cloak (worn)
 d - a +0 leather armour (worn)
 e - a +0 pair of boots (worn)
Jewellery
 h - a ring of wizardry
Scrolls
 g - 2 scrolls of identify {unknown}
 m - a scroll of acquirement {unknown}
 n - a scroll of vulnerability {unknown}
Potions
 c - a potion of attraction
 i - a potion of brilliance {unknown}
 o - a potion of might {unknown}
 p - a potion of lignification {unknown}


   Skills:
 + Level 6.3 Fighting
 + Level 4.2 Short Blades
 * Level 2.5 Armour
 - Level 1.0 Dodging
 + Level 0.1 Stealth


You had 3 spell levels left.
You didn't know any spells.
Your spell library contained the following spells:

 Spells                   Type           Power      Damage    Failure   Level
 Magic Dart               Conj           0%         1d3       32%         1
 Call Imp                 Summ           0%         N/A       47%         2
 Mephitic Cloud           Conj/Pois/Air  0%         N/A       71%         3


Dungeon Overview and Level Annotations

Branches:
Dungeon (3/15)

Altars:

Annotations:
D:3 Ijyb


Innate Abilities, Weirdness & Mutations

You are immune to sickness and miasma.
Your stone body is resilient. (AC +3)
You are immune to poison.
You resist negative energy. (rN+)
You are resistant to electric shocks. (rElec)
You are resistant to unholy torment.
You are immune to petrification.
Your mind is acute. (Int +4, Str/Dex -1)
You passively map a small area around you.
Your spells are a little easier to cast, but a little less powerful.


Message History

The grasping roots constrict you.
The grasping roots release their grip on you.
You hit Ijyb.
Ijyb is severely wounded.
You closely miss Ijyb.
Ijyb is severely wounded.
Ijyb zaps a wand.
The roots erupt in riotous growth!
The grasping roots grab you!
Ijyb is unaffected.
The grasping roots constrict you.
You closely miss Ijyb.
Ijyb is severely wounded.
Ijyb barely misses you. The grasping roots constrict you.
* * * LOW HITPOINT WARNING * * *
You hit Ijyb.
Ijyb is almost dead.
Ijyb hits you but does no damage. The grasping roots constrict you.
* * * LOW HITPOINT WARNING * * *
The grasping roots release their grip on you.
You barely miss Ijyb.
Ijyb is almost dead.
Ijyb screams, "I dance on your bones!" Ijyb hits you but does no damage.
You barely miss Ijyb.
Ijyb is almost dead.
Unknown command.
It was a potion of resistance.
You feel protected. Ijyb hits you but does no damage.
It was a potion of degeneration.
There was something very wrong with that liquid.
You feel weakened.
You feel dopey.
You feel clumsy.
Ijyb zaps a wand.
The roots erupt in riotous growth!
The grasping roots grab you!
Ijyb is unaffected.
The grasping roots constrict you.
* * * LOW HITPOINT WARNING * * *
It was a potion of mutation.
You feel extremely strange.
Your connection to magic feels subdued.
You feel clever.
You feel a strange attunement to the structure of the dungeons.
Ijyb hits you with a +0 club.
You die...

*#### * ,
....#####
........##
,
.........##
,
..........#
#........<#
#........@#
* *
.........g#
**
..........#
##.!...†.##
*
#.........#
#.........#
,
..........#
..?.......#
,
..........#


You could see Ijyb.

Vanquished Creatures
  Natasha (D:2)
  4 adders (D:2)
  2 worms (D:2)
  3 dart slugs
  6 bats
  3 endoplasms (D:1)
  3 goblins (D:1)
  4 hobgoblins (D:1)
  A kobold (D:1)
  2 quokkas
  7 ball pythons
  3 frilled lizards
  4 rats
43 creatures vanquished.

Notes
Turn   | Place    | Note
-------+----------+-------------------------------------------
     0 | D:1      | dialectric the Gargoyle Wanderer began the quest for the
                  | Orb.
     0 | D:1      | dialectric set off with the following items: a +3 short
                  | sword, a +0 cloak, a potion of attraction, a +0 leather
                  | armour.
     0 | D:1      | Reached XP level 1. HP: 16/16 MP: 1/1
    93 | D:1      | Reached XP level 2. HP: 22/22 MP: 2/2
   155 | D:1      | Reached skill level 1 in Armour
   229 | D:1      | Reached XP level 3. HP: 27/27 MP: 3/3
   317 | D:1      | Reached skill level 6 in Fighting
   855 | D:2      | Reached XP level 4. HP: 22/32 MP: 4/4
  1456 | D:3      | Noticed Ijyb
  1459 | D:3      | Noticed Natasha
  1484 | D:2      | Killed Natasha
  1580 | D:3      | HP: 1/32 [constriction (4)]
  1581 | D:3      | Gained mutation: Your spells are a little easier to cast,
                  | but a little less powerful. [potion of mutation]
  1581 | D:3      | Gained mutation: Your mind is acute. (Int +4, Str/Dex -1)
                  | [potion of mutation]
  1581 | D:3      | Gained mutation: You passively map a small area around you.
                  | [potion of mutation]
  1581 | D:3      | Slain by Ijyb

Illustrated notes

Levels and vault maps discovered:
D:1:      tarquinn_simple_flora_water_c, layout_rooms
D:2:      layout_loops_ring, chequers_hall_statues_wall_a, nicolae_eternal_life,
          nicolae_figureground_pulse
D:3:      kennysheep_big_flooded_room, layout_rooms,
          nicolae_uskayaw_murder_on_the_dancefloor, uniq_terence, uniq_ijyb,
          uniq_natasha

Skill      XL: |  1  2  3  4 |
---------------+-------------+-----
Armour         | 1 2 |  2.5
Fighting       | 6 |  6.3
Short Blades   | 4 |  4.2
Dodging        | |  1.0
Stealth        | |  0.1

Action                     |  1- 3 |  4- 6 || total
---------------------------+-------+-------++-------
  Melee: Short sword       |   106 |    92 ||   198
         Punch             |       |     1 ||     1
    Use: Potion            |       |     5 ||     5
 Armour: Leather armour    |    32 |    35 ||    67
  Dodge: Dodged            |    51 |    41 ||    92
